 Dungeon Crawl Stone Soup version 0.28-a0-1567-g1695149f81 (webtiles) character file.

Game seed: 18227196693570167859

15 southernslant the Chopper (level 2, 0/18 HPs)
             Began as a Gargoyle Gladiator on Jan 19, 2022.
             Slain by a water moccasin skeleton (5 damage)
             ... on level 2 of the Dungeon.
             The game lasted 00:00:55 (487 turns).

southernslant the Chopper (Gargoyle Gladiator)       Turns: 487, Time: 00:00:55

Health: 0/18       AC:  6    Str: 17    XL:     2   Next: 50%
Magic:  2/2        EV: 11    Int:  8    God:
Gold:   46         SH:  3    Dex: 11    Spells: 1/1 levels left

rFire   . . .      SeeInvis .   a - +0 war axe
rCold   . . .      Faith    .   h - +0 buckler
rNeg    + . .      Spirit   .   b - +0 leather armour
rPois   ∞          Reflect  .   c - +0 helmet
rElec   +          Harm     .   (no cloak)
rCorr   .          Rampage  .   (no gloves)
Will    .....                   (no boots)
Stlth   +.........              (no amulet)
HPRegen 0.06/turn               (no ring)
MPRegen 0.08/turn               (no ring)

@: no status effects
A: sickness immunity, AC +2, negative energy resistance 1, electricity
resistance, torment resistance 1, petrification resistance
a: no special abilities


You were on level 2 of the Dungeon.
You visited 1 branch of the dungeon, and saw 2 of its levels.

You collected 46 gold pieces.

Inventory:

Hand Weapons
 a - a +0 war axe (weapon)
Missiles
 d - 3 throwing nets (quivered)
 i - 2 atropa-tipped darts
Armour
 b - a +0 leather armour (worn)
 c - a +0 helmet (worn)
 h - a +0 buckler (worn)
Scrolls
 e - 2 scrolls of vulnerability {unknown}
 f - a scroll of magic mapping {unknown}
 g - a scroll of immolation {unknown}


   Skills:
 * Level 2.5 Fighting
 * Level 2.9 Axes
 + Level 1.9 Throwing
 * Level 0.9 Armour
 + Level 2.4 Dodging
 * Level 0.0 Shields


You had one spell level left.
You didn't know any spells.
Your spell library contained the following spells:

 Spells                   Type           Power      Damage    Failure   Level
 Dazzling Flash           Conj/Hex       0%         N/A       91%         3
 Iskenderun's Mystic Bla  Conj/Tloc      0%         2d3       100%        4
 Starburst                Conj/Fire      0%         6d3       100%        6


Dungeon Overview and Level Annotations

Branches:
Dungeon (1/15)

Altars:


Innate Abilities, Weirdness & Mutations

You are immune to sickness and miasma.
Your stone body is resilient. (AC +2)
You are immune to poison.
You resist negative energy. (rN+)
You are resistant to electric shocks. (rElec)
You are resistant to unholy torment.
You are immune to petrification.


Message History

You kill the ball python!
No target in view!
No target in view!
You see here a ball python corpse.
You see here 2 atropa-tipped darts.
i - 2 atropa-tipped darts You start putting on your armour.
You continue putting on your +0 buckler. x4
You finish putting on your +0 buckler.
Okay, then.
Okay, then.
You now have 46 gold pieces (gained 13).
You see here a +0 chain mail.
A water moccasin skeleton comes into view.
Okay, then.
A water moccasin skeleton is nearby!
You hit the water moccasin skeleton.
The water moccasin skeleton is lightly damaged.
The water moccasin skeleton bites you. x2
You slash the water moccasin skeleton!
The water moccasin skeleton is moderately damaged.
The water moccasin skeleton bites you.
You hit the water moccasin skeleton.
The water moccasin skeleton is moderately damaged.
The water moccasin skeleton bites you.
* * * LOW HITPOINT WARNING * * *
The water moccasin skeleton closely misses you.
You are too injured to fight recklessly!
You are too injured to fight recklessly!
You are too injured to fight recklessly!
You are too injured to fight recklessly!
You are too injured to fight recklessly!
You are too injured to fight recklessly!
You are too injured to fight recklessly!
You are too injured to fight recklessly!
A water moccasin skeleton is nearby!
You hit the water moccasin skeleton.
The water moccasin skeleton is heavily damaged.
The water moccasin skeleton bites you.
You die...

##...# ##.....##
#.......# #.......# ###
#.......## #.##
##.......### #..#
#.!........######..#
#........#......#[.#
#....Z@.....###.#..#
#......####..##....####
#.....## ##.###...†...
#..... .....##...#.
#...## ####........
#... ######... #..
#..... #.. #....#...
..####...


You could see a water moccasin skeleton.

Vanquished Creatures
  3 ball pythons
  A goblin (D:1)
  4 hobgoblins (D:1)
  3 jackals (D:1)
  A kobold (D:2)
12 creatures vanquished.

Vanquished Creatures (others)
  4 toadstools (D:1)
4 creatures vanquished.

Grand Total: 16 creatures vanquished

Notes
Turn   | Place    | Note
-------+----------+-------------------------------------------
     0 | D:1      | southernslant the Gargoyle Gladiator began the quest for
                  | the Orb.
     0 | D:1      | Reached XP level 1. HP: 12/12 MP: 1/1
   184 | D:1      | Reached XP level 2. HP: 18/18 MP: 2/2
   356 | D:1      | You fall into a shaft and drop 1 floor!
   487 | D:2      | Slain by a water moccasin skeleton

Illustrated notes

Levels and vault maps discovered:
D:1:      ldierk_walled_garden_2, layout_loops_cross, serial_shops, shop,
          nicolae_figureground_pulse
D:2:      layout_rooms, nicolae_ecumenical_snake_handling

Action                   || total
-------------------------++-------
Melee: War axe           ||    39
Armor: Leather armour    ||    22
Dodge: Dodged            ||    29

Table legend: (Time is in decaauts)
 A = Elapsed time spent in this place.
 B = Non-inter-level travel time spent in this place.
 C = Inter-level travel time spent in this place.
 D = Time resting spent in this place.
 E = Time spent auto-exploring this place.
 F = Levels seen in this place.
 G = Mean time per level.
                   A        B        C        D        E       F      G
               +--------+--------+--------+--------+--------+-----+--------+
         Total |    501 |    501 |      0 |      0 |    388 |   2 |  250.5 |
       Dungeon |    501 |    501 |      0 |      0 |    388 |   2 |  250.5 |
               +--------+--------+--------+--------+--------+-----+--------+

Top non-repeatable levels by time:
     D:1: 366 daAuts
     D:2: 135 daAuts
